[Event "85th ARM-ch HL 2025"]
[Site "Yerevan"]
[Date "2025.01.14"]
[Round "1.1"]
[White "Harutyunyan, Tigran K."]
[Black "Davtyan, Artur"]
[Result "1/2-1/2"]
[Annotator "TA"]
[ECO "D35"]
[WhiteElo "2513"]
[BlackElo "2458"]
[PlyCount "100"]
[EventDate "2025.01.13"]
[EventType "tourn"]
[EventCountry "ARM"]
[SourceTitle "playchess.com"]
[Source "ChessBase"]
[SourceQuality "1"]
[TimeControl "40/5400+30:1800+30"]

1. d4 Nf6 2. Nf3 d5 3. c4 e6 4. Nc3 Be7 5. cxd5 exd5 6. Bf4 c6 7. e3 Bd6 8. Bxd6 Qxd6 9. Qc2 O-O 10. Bd3 Nbd7 11. h3 Re8 12. O-O Nf8 13. a3 Be6 14. Ne5 N6d7 15. f4 {[%emt 0:02:09][%cal Bf2f4,Bf4f5][%mdl 32] f5 is in the air} f6 16. Nf3 Bf7 17. Qd2 Bg6 18. Rae1 Be4 19. Nh4 g6 20. f5 g5 {[%emt 0:07:10] Threatens to win with ...Bxd3.} 21. Nf3 $1 Bxf3 22. gxf3 Re7 23. Qh2 Qxh2+ 24. Kxh2 Rae8 25. e4 Nb6 26. Rc1 Nfd7 27. Kg3 dxe4 $1 28. fxe4 c5 29. Nb5 cxd4 30. Nxd4 Nf8 {[%emt 0:08:02] Repels Ne6} (30... Na4 $11) 31. Bb1 $14 Kh8 32. Nf3 Nbd7 (32... Nfd7 $14) 33. Rfd1 Ne5 34. Nxe5 Rxe5 35. Rc7 R8e7 (35... R5e7 $142 36. Rdc1 h5) 36. Rc8 $16 Kg7 37. Rdd8 {[%emt 0:03:15] White is more active.} Nd7 {[%emt 0:00:17] [#]} 38. b4 $1 {[%emt 0:01:05] Against Nc5} a5 (38... Nb6 $16 39. Rb8 Rf7) 39. Bd3 $18 axb4 40. axb4 Kh6 41. Rc7 (41. Rc2 $18 {and White stays clearly on top.}) 41... Nb6 $16 42. Rxe7 Rxe7 {[%emt 0:00:05][%mdl 4096] Endgame [#] KRB-KRN} 43. Rd6 $1 Nc8 44. Rxf6+ Kg7 45. Re6 Rxe6 46. fxe6 {[%emt 0:00:05] Black must now prevent Kg4.} Ne7 47. Kg4 h6 48. b5 b6 49. e5 Kg8 50. Be4 Kf8 1/2-1/2

[Event "85th ARM-ch HL 2025"]
[Site "Yerevan"]
[Date "2025.01.14"]
[Round "1.2"]
[White "Agasarov, Benik"]
[Black "Grigoryan, Karen H."]
[Result "1/2-1/2"]
[Annotator "TA"]
[ECO "D37"]
[WhiteElo "2387"]
[BlackElo "2572"]
[PlyCount "99"]
[EventDate "2025.01.13"]
[EventType "tourn"]
[EventCountry "ARM"]
[SourceTitle "playchess.com"]
[Source "ChessBase"]
[SourceQuality "1"]
[TimeControl "40/5400+30:1800+30"]

1. d4 Nf6 2. c4 e6 3. Nf3 d5 4. Nc3 h6 5. Bf4 Bd6 6. Bxd6 Qxd6 7. e3 O-O 8. Rc1 a6 9. cxd5 exd5 10. Bd3 Bg4 11. h3 Bxf3 12. Qxf3 Nbd7 13. O-O c6 14. a3 Rfe8 15. Rfe1 a5 16. g3 Re7 17. Qf4 Qxf4 18. gxf4 a4 19. f3 Nb6 20. Kf2 Rd7 21. Rcd1 Ne8 22. Re2 Kf8 23. Rc2 Nf6 24. Nb1 Re8 25. Re1 Rde7 26. Nd2 Nh5 27. Rcc1 g5 28. fxg5 hxg5 29. Re2 f6 30. Rh1 Rg7 {[%emt 0:00:09] Prevents Bg6.} 31. Ree1 Ke7 32. Reg1 Kf7 (32... Nc8 $11) 33. Rg4 $16 Reg8 34. Rh2 {[%emt 0:00:44] White is more active.} Nc8 $2 (34... Rh8 $16) 35. h4 $18 gxh4 36. Rgxh4 Ng3 {[%emt 0:00:06] [#]} 37. Rg4 $2 Rxg4 $14 38. fxg4 Rxg4 39. Rg2 $1 ({Don't play} 39. Rh3 Ne4+ 40. Nxe4 (40. Bxe4 dxe4 41. Rh7+ Ke6 $11) 40... dxe4) 39... Nh1+ 40. Kg1 Rh4 $1 ({Not} 40... Ng3 $2 41. Kh2 Ne4 42. Rxg4 $18) 41. Nf1 Nd6 42. Nh2 (42. Rc2 $14) 42... Rh3 $1 $11 43. Kxh1 {[%emt 0:00:48] Black must now prevent Re2.} Rxe3 44. Bc2 Re1+ $1 45. Rg1 Rxg1+ 46. Kxg1 Nc4 47. Bxa4 Nxb2 48. Bc2 Ke6 49. Kf2 Kd6 50. Ng4 1/2-1/2

[Event "85th ARM-ch HL 2025"]
[Site "Yerevan"]
[Date "2025.01.14"]
[Round "1.3"]
[White "Gharibyan, Mamikon"]
[Black "Hayrapetyan, Hovik"]
[Result "1-0"]
[Annotator "TA"]
[ECO "B90"]
[WhiteElo "2486"]
[BlackElo "2462"]
[PlyCount "79"]
[EventDate "2025.01.13"]
[EventType "tourn"]
[EventCountry "ARM"]
[SourceTitle "playchess.com"]
[Source "ChessBase"]
[SourceQuality "1"]
[TimeControl "40/5400+30:1800+30"]

1. e4 c5 2. Nf3 d6 3. d4 cxd4 4. Nxd4 Nf6 5. Nc3 a6 6. h3 e5 7. Nb3 Be7 8. Be3 Qc7 9. a4 b6 10. g4 h6 $1 11. Nd5 Nxd5 12. exd5 Nd7 13. h4 Qd8 14. Qd2 Nc5 15. Nxc5 bxc5 16. Be2 Rb8 17. c3 a5 (17... Bxh4 18. g5 hxg5 19. Bxg5 $16) 18. Kf1 Bd7 (18... Bxh4 19. Bb5+ Bd7 20. g5 hxg5 21. Bxg5 Bxb5+ 22. axb5 $11) 19. Kg2 Bxh4 20. g5 hxg5 (20... Bxg5 21. Bxg5 Qc7 22. Be3 $16) 21. b4 O-O $19 (21... cxb4 22. Bxg5 bxc3 23. Qe3 $11) 22. bxc5 f5 23. Rxh4 gxh4 24. Bg5 Qe8 25. c6 {[%emt 0:00:15] [#]} f4 $1 26. Kh2 (26. cxd7 Qg6 (26... Qxd7 27. Kh2 $14) 27. Kh2 Qxg5 $19) 26... Bf5 $1 27. Rg1 Kh7 $2 {[%emt 0:00:59] Prevents Bh6} (27... Rb1 $1 $19 28. Rxb1 Bxb1) 28. Bb5 (28. Bd3 $1 $11) 28... Qf7 29. c4 Qh5 $2 {[%emt 0:00:35][%mdl 8192] [#]} (29... Qa7 $1 $17 {stays on course. and ...Rbe8 would now be decisive} 30. f3 Rf7) 30. c5 $4 (30. Qd1 $1 $18 {[%cal Rd1h5] was the only winning move.} Qf7 (30... Qxd1 31. Rxd1 e4 32. c5 $18) 31. c5 dxc5 32. d6 (32. Bxh4 $2 Rh8 $19)) 30... Qf3 (30... dxc5 31. Qd1 (31. Qxa5 $2 Qf3 $19) 31... Qxd1 32. Rxd1 $16) 31. Bf1 {[%emt 0:00:04] [#] Prevents Qh3+} Rh8 $2 (31... dxc5 32. Be7 Rf7 33. c7 $16) (31... Qa3 $1 $19 32. Be7 Rb3) 32. cxd6 $11 {[%emt 0:00:55][%cal Bc5d6,Bd6d7][%mdl 32] Black must now prevent d7!.} Kg8 $2 (32... Qa3 $11 33. Qe2 (33. Qxa5 $2 Rb2 $19) (33. d7 Rb3 $15) 33... Rb2 (33... Qxd6 34. Bxf4 exf4 35. Qh5+ Kg8 36. Qxf5 $16) 34. Qh5+ (34. Qxe5 Rxf2+ 35. Kh1 Qf3+ 36. Bg2 Qg4 $19) 34... Kg8 35. Qe8+ Kh7 36. Qh5+ (36. Qxe5 $2 Rxf2+ 37. Kh1 Qf3+ 38. Bg2 Qg4 $19)) 33. d7 $18 (33. Qxa5 $2 {is the wrong capture.} Qxf2+ 34. Rg2 Qxf1 $19) 33... Qg3+ 34. Rxg3 hxg3+ 35. Kg1 Be4 36. fxg3 Rh1+ 37. Kf2 Rh2+ 38. Ke1 Rxd2 39. Kxd2 Bxd5 40. c7 ({Inferior is} 40. d8=B Bxc6 41. gxf4 (41. Bxa5 fxg3 42. Bc4+ Kf8 $11) 41... exf4 $11) 1-0

[Event "85th ARM-ch HL 2025"]
[Site "Yerevan"]
[Date "2025.01.14"]
[Round "1.4"]
[White "Petrosyan, Manuel"]
[Black "Hovhannisyan, Robert"]
[Result "0-1"]
[Annotator "TA"]
[ECO "A20"]
[WhiteElo "2590"]
[BlackElo "2626"]
[PlyCount "82"]
[EventDate "2025.01.13"]
[EventType "tourn"]
[EventCountry "ARM"]
[SourceTitle "playchess.com"]
[Source "ChessBase"]
[SourceQuality "1"]
[TimeControl "40/5400+30:1800+30"]

1. c4 e5 2. Nf3 e4 3. Nd4 Nc6 4. e3 Nf6 5. Nc3 Nxd4 6. exd4 c6 7. d5 cxd5 8. cxd5 {[%emt 0:00:04][%cal Bc4d5,Bd5d6][%mdl 32] The position is equal.} Bb4 9. a3 Ba5 (9... Bc5 $11) 10. d6 $1 $14 O-O 11. b4 $1 Bb6 12. d4 $1 a5 13. Rb1 Ba7 14. Bg5 $1 {[%emt 0:20:40][%cal Bc1g5,Bg5h4,Bh4g3][%mdl 32] And now Nd5 would win.} axb4 15. axb4 h6 16. Bh4 {[%emt 0:01:10] Black must now prevent Nd5.} Kh8 17. Nb5 {[%emt 0:16:56] Strongly threatening Ra1.} Bb8 18. d5 Ra6 19. Bc4 Bxd6 20. Nxd6 Rxd6 21. Bg3 Rb6 22. d6 (22. Qd4 $16) 22... Rc6 $11 23. Qd4 {[%emt 0:04:10] Hoping for b5.} b5 $1 24. Bxb5 Qb6 ({Much worse is} 24... Rb6 $6 25. Bc4 $16) 25. Qxb6 (25. Bxc6 $2 {loses.} Qxd4 26. O-O dxc6 $19) 25... Rxb6 26. Bc4 Ba6 27. b5 Rfb8 28. Kd2 $36 {[%emt 0:00:25][%mdl 2048] White is pushing.} Bxb5 29. Bxf7 Kh7 30. Rhc1 Bc6 {[%emt 0:00:25] Black is weak on the dark squares} 31. Rxb6 Rxb6 32. Ke3 Rb4 33. Rc5 Ra4 34. h3 Ra3+ 35. Kd4 (35. Ke2 $1 $14 {feels stronger.}) 35... Rd3+ 36. Kc4 Rd1 37. Rf5 e3 {[%emt 0:01:12] Threatens to win with ...Ne4.} 38. fxe3 (38. f3 $1 $11 {was the only way to keep the balance.}) 38... Bxg2 $17 39. h4 Ne4 40. Be5 {[%emt 0:00:00] [#]} (40. Bf4 $17) 40... g6 $1 $19 (40... Nxd6+ 41. Bxd6 Rxd6 42. Re5 $11) 41. Rf4 {[%emt 0:13:04] [#] Rg4 is the strong threat.} g5 $1 {[%emt 0:04:10] Weighted Error Value: White=0.21 (precise) /Black=0.05 (flawless) .  Loses game:     	White=1     	---        Mistake:       	White=3     	Black=1      Inaccurate:     	White=1     	Black=1      OK:         	White=16    	Black=14     Best:        	---       	Black=4      Strong:       	White=4     	Black=3} ({Not} 41... Nxd6+ 42. Kb4 Rb1+ 43. Ka3 $17) 0-1

[Event "85th ARM-ch HL 2025"]
[Site "Yerevan"]
[Date "2025.01.14"]
[Round "1.5"]
[White "Andriasian, Zaven"]
[Black "Sargsyan, Sargis Vach."]
[Result "1-0"]
[Annotator "TA"]
[ECO "B11"]
[WhiteElo "2554"]
[BlackElo "2370"]
[PlyCount "113"]
[EventDate "2025.01.13"]
[EventType "tourn"]
[EventCountry "ARM"]
[SourceTitle "playchess.com"]
[Source "ChessBase"]
[SourceQuality "1"]
[TimeControl "40/5400+30:1800+30"]

1. e4 c6 2. Nc3 d5 3. Nf3 dxe4 4. Nxe4 Nf6 5. Qe2 Nxe4 6. Qxe4 Nd7 7. Bc4 Nf6 {[%emt 0:00:21] [#]} 8. Ne5 $1 e6 9. Qe2 b5 10. Bb3 (10. Nxc6 Qc7 11. Bd3 (11. Bxb5 $2 a6 $17) 11... Bb7 $15 (11... Qxc6 $2 12. Bxb5 $18)) 10... Qc7 11. d4 Bd6 12. Bg5 Nd5 13. Bd2 O-O 14. O-O c5 {[%emt 0:07:56] and ...c4 should not be overlooked} 15. c3 b4 16. Rfe1 bxc3 17. bxc3 Bb7 18. Qg4 Rad8 19. Rad1 Nf6 20. Qh4 Be7 21. Bg5 Nd5 22. Bxe7 Nxe7 {[%emt 0:00:06] [#]} 23. Nxf7 $1 Rxf7 (23... Ng6 24. Qg5) 24. Bxe6 Ng6 25. Qg5 {[%emt 0:02:15] Really sharp!} cxd4 $2 (25... Rdf8 $1 $14) 26. cxd4 $2 (26. Bxf7+ $18 Kxf7 27. Rxd4 (27. cxd4 Rd5 $14)) 26... Rdf8 27. Qc5 (27. Bxf7+ Qxf7 28. f3 h6 $15) (27. f3 $14) 27... Qf4 $2 {[%emt 0:00:40] [#]} (27... Kh8 $1 $11 28. Bxf7 Qxf7) 28. d5 $1 $18 {[%emt 0:00:52] Active counter play!} (28. Bxf7+ Qxf7 29. f3 (29. Qxa7 $2 Qxf2+ 30. Kh1 Bxg2#) (29. d5 Nf4 $17) 29... Nf4 $15) 28... Qg5 {[%emt 0:17:00][%cal Og6f4] Against d6} 29. Bxf7+ (29. Qxa7 $142 Qf6 30. Rb1 (30. Qxb7 Qxe6 31. dxe6 Rxb7 $17) (30. Bxf7+ Qxf7 31. f3 Nf4 $16)) 29... Rxf7 $16 30. Re8+ (30. Qxa7 Bxd5 31. Qb8+ Rf8 $17) 30... Nf8 31. Qe3 $36 {[%emt 0:01:26][%mdl 2048] Keeping Black busy.} (31. Qxa7 $2 Bxd5 32. Rxf8+ Rxf8 $19) 31... Qf5 32. f3 (32. Qxa7 Qc2 (32... Bxd5 33. Qc5 $11) 33. Qd4 Rxf2 34. Qxf2 Qxd1+ 35. Qf1 Qd4+ (35... Qxf1+ 36. Kxf1 Bxd5 37. a3 $14) 36. Kh1 Qc5 $17) (32. h3 Bc8 33. d6 Bd7 34. Re5) 32... h6 (32... Bxd5 $2 33. Re5 Qc2 34. Rexd5 $18 (34. Rdxd5 Qxa2 35. Rd1 Rf6 $18)) 33. h3 (33. Qe6 {feels hotter.} Qc2 34. Re1 Qc5+ 35. Re3) 33... a5 (33... Bxd5 $2 34. Re5 Qc2 35. Rdxd5 $18 (35. Rexd5 Qxa2 36. Qd3 Rb7 $18)) 34. Kh2 (34. Qe6 $16) 34... Rd7 (34... Bxd5 $2 35. Re5 Qc2 36. Rdxd5 $18) (34... Bc8 $14) 35. d6 $18 a4 $2 (35... Bc6 36. Re5 Qf6) 36. Rd4 g5 {[%emt 0:02:56] Prevents Rf4} 37. Rxa4 (37. Re7 $142) 37... Rxd6 $2 (37... Bc6 {was called for.} 38. Rd4 Qf6) 38. Qe7 Bc6 39. Qxd6 Bxe8 40. Ra8 Kf7 41. a4 (41. Qxh6 Qe5+ 42. Kh1 Qa1+ 43. Kh2 Qe5+ 44. Kh1 Qa1+ 45. Kh2 Qe5+ $11) 41... Nd7 42. Ra7 ({Weaker is} 42. Qxh6 Qe5+ 43. Kg1 Qe1+ 44. Kh2 Qe5+ 45. Kh1 Qe1+ 46. Kh2 Qe5+ $11) 42... h5 43. Rb7 g4 44. Rb5 Qf6 45. Qxf6+ Nxf6 46. Rb7+ Ke6 47. Rb6+ Ke7 48. a5 gxf3 49. gxf3 {[%emt 0:00:16] a6 would now be deadly.} Nd5 50. Rb8 Nc7 51. Kg3 Bc6 52. h4 Kd6 (52... Nb5 $142 53. Rh8 Nd4) 53. Rh8 Be8 {[%emt 0:00:08] [#]} 54. a6 $1 Kc6 (54... Bf7 55. a7) 55. a7 Kb7 56. Rh7 Bc6 57. a8=Q+ 1-0

[Event "85th ARM-ch HL 2025"]
[Site "Yerevan"]
[Date "2025.01.15"]
[Round "2.1"]
[White "Davtyan, Artur"]
[Black "Sargsyan, Sargis Vach."]
[Result "1-0"]
[Annotator "TA"]
[ECO "D46"]
[WhiteElo "2458"]
[BlackElo "2370"]
[PlyCount "63"]
[EventDate "2025.01.13"]
[EventType "tourn"]
[EventCountry "ARM"]
[SourceTitle "playchess.com"]
[Source "ChessBase"]
[SourceQuality "1"]
[TimeControl "40/5400+30:1800+30"]

1. d4 Nf6 2. c4 e6 3. Nf3 d5 4. Nc3 c6 5. e3 Nbd7 6. Qc2 Bd6 7. Bd3 O-O 8. O-O dxc4 9. Bxc4 b5 10. Be2 Bb7 11. e4 e5 $1 12. dxe5 Nxe5 13. Nd4 Neg4 14. g3 Bc5 (14... Bxg3 $5 15. hxg3 Qxd4 $11) 15. Nf5 Re8 16. Bf4 Qb6 17. Bxg4 Nxg4 18. Qe2 Ne5 19. Bxe5 Rxe5 20. Qg4 $1 g6 21. Qf4 f6 $1 22. Nh6+ $40 {[%emt 0:05:43][%mdl 128] Black needs to defend precisely.} Kg7 23. Ng4 Re6 24. Rad1 {[%emt 0:00:21] Prevents Qd8.} Rf8 $2 (24... Rd8 $14) 25. Rd7+ Be7 26. Qh6+ Kg8 {[%emt 0:00:00] [#] ...Bc8 would now be deadly.} 27. e5 $1 fxe5 ({Avoid the trap} 27... Bc8 $2 28. Nxf6+ (28. exf6 Rfxf6 29. Nxf6+ Kf7 $18) 28... Rexf6 29. exf6 (29. Rxe7 R6f7 $18)) 28. Ne4 Rf7 (28... Bc8 $142) 29. Qh3 $18 {[%emt 0:00:09] White threatens Nh6+ and mate.} Kf8 30. Nh6 {[%emt 0:00:10][%csl LRe6,LRf7] A dynamic duo of knights.} Rff6 31. Nxf6 Rxf6 {[%emt 0:00:07] [#]} 32. Rxe7 $1 1-0

[Event "85th ARM-ch HL 2025"]
[Site "Yerevan"]
[Date "2025.01.15"]
[Round "2.2"]
[White "Hovhannisyan, Robert"]
[Black "Andriasian, Zaven"]
[Result "1/2-1/2"]
[Annotator "TA"]
[ECO "B60"]
[WhiteElo "2626"]
[BlackElo "2554"]
[PlyCount "53"]
[EventDate "2025.01.13"]
[EventType "tourn"]
[EventCountry "ARM"]
[SourceTitle "playchess.com"]
[Source "ChessBase"]
[SourceQuality "1"]
[TimeControl "40/5400+30:1800+30"]

1. e4 c5 2. Nf3 d6 3. d4 cxd4 4. Nxd4 Nf6 5. Nc3 a6 6. Bg5 e6 7. f4 Qb6 8. Qd2 Nc6 9. Bxf6 gxf6 10. Nb3 Bd7 11. O-O-O O-O-O 12. Kb1 Kb8 13. Be2 h5 14. h4 Na5 15. Rh3 Rc8 16. Re3 Nc4 17. Bxc4 Rxc4 18. g3 Be7 19. Qe2 Rhc8 (19... Rcc8 $11) 20. Red3 $16 d5 $2 21. exd5 ({Only move:} 21. Qxh5 $18 Bb4 22. Qxf7 (22. exd5 e5 $16) 22... Bxc3 23. bxc3 (23. Qxd7 R4c7 $11) (23. Rxc3 Rxc3 24. bxc3 Bb5 $16)) 21... Bb4 22. Qxh5 e5 23. Qxf7 (23. fxe5 Bg4 24. Qxf7 (24. Na4 $2 Qf2 $19) 24... Bxc3 25. bxc3 Bxd1 26. Rxd1 Rxc3 27. Qxf6 (27. exf6 Rxc2 28. Qe6 Qb4 $17) 27... Qc7 $17) ({White should try} 23. d6 $16 Bxc3 24. Rxc3 Rxc3 25. bxc3) 23... Bf5 $1 $14 24. fxe5 (24. d6 $1 $14 Bxd3 25. Rxd3 (25. cxd3 Rxc3 26. d7 Rf8 $16) 25... Bxd6 26. Qxf6) 24... Bxc3 $11 25. bxc3 Bxd3 26. Rxd3 (26. cxd3 Rxc3 27. Ka1 (27. Qxf6 {leads to mate.} Rxb3+ 28. axb3 Qxb3+ 29. Ka1 Rc2 30. Qf8+ Ka7) (27. d6 $2 Qf2 $19) 27... Rxb3 (27... fxe5 $2 28. Qe6 $19) 28. axb3 Qa5+ (28... Qxb3 $2 29. Qxb7+ Qxb7 30. Rb1 $19) 29. Kb2 (29. Kb1 $2 Qc3 $19) 29... Qc3+ 30. Ka3 Qc5+ 31. b4 (31. Ka4 b6) 31... Qc2) 26... fxe5 27. Qe7 (27. Kb2 $11) 1/2-1/2

[Event "85th ARM-ch HL 2025"]
[Site "Yerevan"]
[Date "2025.01.15"]
[Round "2.3"]
[White "Hayrapetyan, Hovik"]
[Black "Petrosyan, Manuel"]
[Result "1/2-1/2"]
[Annotator "TA"]
[ECO "D37"]
[WhiteElo "2462"]
[BlackElo "2590"]
[PlyCount "24"]
[EventDate "2025.01.13"]
[EventType "tourn"]
[EventCountry "ARM"]
[SourceTitle "playchess.com"]
[Source "ChessBase"]
[SourceQuality "1"]
[TimeControl "40/5400+30:1800+30"]

1. d4 d5 2. c4 e6 3. Nc3 Be7 4. Nf3 Nf6 5. Bf4 O-O 6. e3 Nbd7 7. Be2 dxc4 8. O-O c5 9. dxc5 Nxc5 10. Bxc4 {[%emt 0:00:21] The position is equal.} Qxd1 11. Rfxd1 b6 12. Rac1 Bb7 {[%emt 0:02:15] A rather calm draw.   Weighted Error Value: White=0.05 (flawless) /Black=0.04 (flawless) .  OK:         	---       	Black=1} 1/2-1/2

[Event "85th ARM-ch HL 2025"]
[Site "Yerevan"]
[Date "2025.01.15"]
[Round "2.4"]
[White "Grigoryan, Karen H."]
[Black "Gharibyan, Mamikon"]
[Result "1/2-1/2"]
[Annotator "TA"]
[ECO "C22"]
[WhiteElo "2572"]
[BlackElo "2486"]
[PlyCount "71"]
[EventDate "2025.01.13"]
[EventType "tourn"]
[EventCountry "ARM"]
[SourceTitle "playchess.com"]
[Source "ChessBase"]
[SourceQuality "1"]
[TimeControl "40/5400+30:1800+30"]

1. e4 e5 2. d4 exd4 3. Qxd4 Nc6 4. Qc4 Nf6 5. Nc3 Bb4 6. Bd2 O-O 7. O-O-O Re8 8. f3 d6 9. Qe2 d5 10. a3 {[%emt 0:00:08] [#]} a5 $1 11. Nh3 (11. Be1 Be6) 11... Bxh3 (11... Bd7 $5) 12. gxh3 Qc8 13. Qg2 {[%emt 0:03:54] Rg1 is the strong threat.} (13. axb4 axb4 14. Nb1 dxe4 $14) 13... dxe4 $1 14. fxe4 (14. axb4 axb4 15. Bh6 Ng4 (15... bxc3 16. Qxg7#) 16. Qxg4 (16. hxg4 bxc3 17. bxc3 Ra1+ 18. Kb2 Rxd1 $19) 16... Qxg4 17. hxg4 bxc3 (17... gxh6 18. Nxe4 Ra1+ 19. Kd2 $16) 18. bxc3 Ra1+ (18... gxh6 19. fxe4 Rxe4 20. Kb2 $17) 19. Kd2 Rxd1+ 20. Kxd1 gxh6 $15) 14... Qe6 $1 15. Kb1 (15. axb4 axb4 16. Nb1 (16. Rg1 $2 Ra1+ 17. Nb1 g6 $17) 16... Ra1 $17) 15... Bxc3 16. Bxc3 Ne5 17. Bb5 {[%emt 0:01:38] A strong pair of Bishops.} c6 $1 18. Ba4 $132 {[%emt 0:00:28][%mdl 2048] White puts up resistance} Ng6 19. Bb3 Qxe4 20. Qg3 a4 21. Ba2 Rad8 $1 22. Qc7 Qe7 23. Qb6 {[%emt 0:02:30] [#]} Nf4 (23... Rd7 $1 $17) 24. Bxf6 gxf6 (24... Qxf6 25. Rxd8 Qxd8 (25... Rxd8 26. Qxb7 Nxh3 27. Bc4 $11) 26. Qxb7 $11) 25. h4 (25. Rhg1+ $11 Ng6 26. Bc4) 25... Rxd1+ $17 26. Rxd1 {[%emt 0:00:07] [#]} f5 (26... h5 $1 $17 27. Bc4 (27. Qd4 Ng6 $11) 27... Kg7) 27. Qd4 Qe5 {[%emt 0:00:27] Repels Qxf4} (27... Qxh4 $2 28. Rg1+ $18 (28. Qxa4 Re1 $17)) 28. Qxa4 Kg7 29. Bb3 Ne6 30. Qc4 {[%emt 0:01:05] Inhibits Nc5.} Rd8 {[%emt 0:00:26] Inhibits Rd7.} 31. Rg1+ ({White should play} 31. Rxd8 $11 Nxd8 32. Qd3) 31... Kf6 $15 32. Qb4 {[%emt 0:01:48] Prevents Rd2.} Nc5 {[%emt 0:00:42][%cal Oe5e3] ...Qe3! would now be deadly.} 33. Qa5 $1 {[%emt 0:02:53] Dancing on a razor blade.} Ne6 (33... Rd4 $11 34. Qa8 (34. Re1 Qd6 $15) 34... Nxb3 (34... Qxh2 $2 {perishes.} 35. Qh8+ Ke7 36. Qxd4 $18) 35. cxb3 f4 (35... Rxh4 36. Qd8+ Qe7 37. Qh8+ Ke6 38. Rd1 $14) (35... Qe4+ 36. Ka2 $14)) 34. Qb4 $1 Nc5 (34... Qxh2 35. Rc1 $11) (34... Qc5 $15 {feels stronger.} 35. Qe1 Rd2) 35. Qa5 $1 $11 Ne6 (35... Qd4 $11 36. Rf1 b5) 36. Qb4 $1 1/2-1/2

[Event "85th ARM-ch HL 2025"]
[Site "Yerevan"]
[Date "2025.01.15"]
[Round "2.5"]
[White "Harutyunyan, Tigran K."]
[Black "Agasarov, Benik"]
[Result "1/2-1/2"]
[Annotator "TA"]
[ECO "D02"]
[WhiteElo "2513"]
[BlackElo "2387"]
[PlyCount "87"]
[EventDate "2025.01.13"]
[EventType "tourn"]
[EventCountry "ARM"]
[SourceTitle "playchess.com"]
[Source "ChessBase"]
[SourceQuality "1"]
[TimeControl "40/5400+30:1800+30"]

1. d4 Nf6 2. Nf3 d5 3. Bf4 c5 4. e3 Nc6 5. Nbd2 Bg4 6. c3 e6 7. Qb3 Qc8 8. h3 Bxf3 9. Nxf3 Be7 10. Be2 O-O 11. O-O a6 12. dxc5 Bxc5 13. Rac1 h6 14. c4 d4 15. exd4 Bxd4 16. Rfe1 Rd8 17. Bf1 Bc5 18. a3 Nd4 19. Qc3 Nxf3+ 20. Qxf3 Bd4 21. b4 a5 22. c5 axb4 23. axb4 Qc6 24. Qb3 Qa4 25. Qb1 Nd5 26. Bd2 Qa2 27. Rc2 Qxb1 28. Rxb1 Rdc8 29. g3 Ra3 30. Kg2 {[%emt 0:00:57] Prevents Rf3.} Bc3 31. Bc4 Bxd2 32. Rxd2 Rd8 33. Bxd5 Rxd5 $14 {[%emt 0:05:51][%mdl 4096] Endgame KRR-KRR} 34. Rc2 Ra8 35. b5 Rc8 36. c6 bxc6 $1 37. bxc6 Kf8 38. Rb7 g6 39. g4 Rd6 40. Ra2 {[%emt 0:00:00] aiming for Raa7.} e5 41. Raa7 Rf6 $1 42. Rc7 Rxc7 43. Rxc7 Ke8 44. h4 1/2-1/2

[Event "85th ARM-ch HL 2025"]
[Site "Yerevan"]
[Date "2025.01.16"]
[Round "3.1"]
[White "Agasarov, Benik"]
[Black "Davtyan, Artur"]
[Result "1/2-1/2"]
[Annotator "TA"]
[ECO "C54"]
[WhiteElo "2387"]
[BlackElo "2458"]
[PlyCount "72"]
[EventDate "2025.01.13"]
[EventType "tourn"]
[EventCountry "ARM"]
[SourceTitle "playchess.com"]
[Source "ChessBase"]
[SourceQuality "1"]
[TimeControl "40/5400+30:1800+30"]

1. e4 e5 2. Nf3 Nc6 3. Bc4 Bc5 4. c3 Nf6 5. d3 O-O 6. O-O d6 7. h3 a5 8. Re1 Ba7 9. Nbd2 Ne7 10. Nf1 Ng6 11. Ng3 c6 12. d4 exd4 13. cxd4 {[%emt 0:00:00] [#]} Nxe4 $1 14. Nxe4 (14. Rxe4 d5 15. Bxd5 (15. Bg5 f6 $17) 15... Qxd5 $17) 14... d5 15. Bd3 (15. Bg5 f6 16. Bb3 fxg5 (16... a4 17. Bd2 $17) 17. Nexg5 Nf4 $17) 15... dxe4 16. Bxe4 Be6 17. Qc2 Bd5 18. Bd2 Re8 19. Bxd5 Rxe1+ 20. Rxe1 {[%emt 0:00:00][%cal Od5f7] And now Bxf7+! would win.} Qxd5 21. Qa4 Bb6 22. Re3 h6 23. Qb3 Qd8 24. a4 Rb8 25. Rd3 Qc7 26. d5 cxd5 27. Rxd5 Re8 (27... Bc5 {simplifies} 28. Be3 Bxe3 29. Qxe3 b6) 28. Qb5 Re6 29. Nd4 Rf6 30. Be3 (30. Bxa5 $2 Bxa5 31. Rc5 (31. Qxa5 $2 Qc1+ 32. Kh2 Rxf2 $19) 31... Qd6 $19) 30... Kh7 31. Qd3 Qc8 (31... Kg8 $11 {remains equal.}) 32. b3 {[%emt 0:01:52] White is more active.} (32. h4 {seems wilder.} Kh8 33. Nf5 Bc7 34. Nxh6 Qe6 35. Rd8+) 32... Bxd4 (32... Kg8 $14) 33. Qxd4 Qc6 (33... Rf5 $142) 34. Qc4 (34. Rc5 $16 Qb6 35. Qc4) 34... Qxc4 $1 $11 35. bxc4 Rc6 36. Rxa5 Rxc4 1/2-1/2

[Event "85th ARM-ch HL 2025"]
[Site "Yerevan"]
[Date "2025.01.16"]
[Round "3.2"]
[White "Gharibyan, Mamikon"]
[Black "Harutyunyan, Tigran K."]
[Result "1/2-1/2"]
[Annotator "TA"]
[ECO "C77"]
[WhiteElo "2486"]
[BlackElo "2513"]
[PlyCount "51"]
[EventDate "2025.01.13"]
[EventType "tourn"]
[EventCountry "ARM"]
[SourceTitle "playchess.com"]
[Source "ChessBase"]
[SourceQuality "1"]
[TimeControl "40/5400+30:1800+30"]

1. e4 e5 2. Nf3 Nc6 3. Bb5 a6 4. Ba4 Nf6 5. d3 Bc5 6. c3 O-O 7. Bg5 Re8 8. O-O h6 9. Bh4 b5 10. Bb3 Be7 11. a4 Rb8 12. axb5 axb5 13. d4 Nxe4 14. Bxe7 Nxe7 (14... Rxe7 $2 {is the wrong capture.} 15. d5 $18) 15. Nxe5 d5 16. Re1 Bf5 17. Qh5 Nf6 18. Qf3 Be4 19. Qd1 (19. Nxf7 Bxf3 20. Nxd8 Bg4 $19 (20... Bxg2 21. Rxe7 Rxe7 22. Nc6 $16)) 19... c5 20. Nd2 {Hoping for Nxe4.} ({Don't play} 20. dxc5 Qc7 21. Ng4 Nd7 $15) 20... c4 21. Nxe4 $1 Nxe4 22. Bc2 Nf6 {Prevents Qh5} 23. b4 cxb3 24. Bxb3 Qc7 25. Qf3 Nc6 26. Ng4 1/2-1/2